 Dungeon Crawl Stone Soup version 0.18.1-6-gd335043 (webtiles) character file.

37 Gargoyl the Skirmisher (level 3, 0/30 HPs)
             Began as a Demonspawn Abyssal Knight on May 19, 2016.
             Was a Follower of Lugonu.
             Succumbed to Ijyb's poison
             ... on level 3 of the Dungeon.
             The game lasted 00:08:16 (1956 turns).

Gargoyl the Skirmisher (Demonspawn Abyssal Knight)  Turns: 1956, Time: 00:08:17

Health: 0/30       AC:  3    Str: 12 (13) XL:     3   Next: 21%
Magic:  4/4        EV: 10    Int: 12 (13) God:    Lugonu [*.....]
Gold:   92         SH:  3    Dex: 10 (12) Spells: 0 memorised, 2 levels left

rFire  . . .     SeeInvis +     a - +2 hand axe
rCold  + . .     Gourm    .     b - +0 leather armour
rNeg   . . .     Faith    .     d - +0 buckler
rPois  .         Spirit   .     (no helmet)
rElec  .         Dismiss  .     (no cloak)
rCorr  .         Reflect  .     (no gloves)
SustAt .         Harm     .     (no boots)
MR     .....                    (no amulet)
Stlth  +.........               (no ring)
                                e - ring of see invisible

@: lethally poisoned (0 -> -2), very slightly contaminated, not resistant to
hostile enchantments, very unstealthy
A: cold resistance 1
a: Depart the Abyss, Renounce Religion


You were on level 3 of the Dungeon.
You worshipped Lugonu.
Lugonu was aware of your devotion.
You were hungry.

You visited 1 branch of the dungeon, and saw 3 of its levels.
You visited the Abyss 1 time.

You collected 92 gold pieces.

Inventory:

Hand Weapons
 a - a +2 hand axe (weapon)
Armour
 b - a +0 leather armour (worn)
 d - a +0 buckler (worn)
Jewellery
 e - a ring of see invisible (left hand)
Scrolls
 g - a scroll of enchant weapon
 m - a scroll of remove curse
Comestibles
 c - 3 bread rations
 f - a royal jelly
 j - 2 beef jerkies
 k - a meat ration


   Skills:
 + Level 3.9 Fighting
 + Level 1.8 Axes
 + Level 2.0 Armour
 + Level 1.3 Dodging
 + Level 0.2 Stealth
 + Level 2.5 Invocations


You had 2 spell levels left.
You didn't know any spells.

Dungeon Overview and Level Annotations

Branches:
Dungeon (3/15)

Altars:
Gozag

Annotations:
D:3 Ijyb, Natasha


Innate Abilities, Weirdness & Mutations

Your flesh is cold resistant.


Message History

You feel sick. The bat barely misses you. The bat hits you but does no damage.
Found 13 gold pieces.
The bat misses you. The bat hits you.
* * * LOW HITPOINT WARNING * * *
You feel sick. The bat barely misses you. The bat hits you but does no damage.
The bat hits you but does no damage. The bat hits you.
* * * LOW HITPOINT WARNING * * *
The bat hits you but does no damage. The bat closely misses you.
* * * LOW HITPOINT WARNING * * *
You feel sick. The bat hits you.
* * * LOW HITPOINT WARNING * * *
You block the bat's attack.
You are feeling hungry.
The bat hits you.
* * * LOW HITPOINT WARNING * * *
You block the bat's attack.
You die...

## #####. ......#####
#.......... #..########
<.........5 #.....@..#
#......##.#
########b#########.....
#rh.....##.h##..
#......g#..##..#
##............#.
...............$.
..##.......######. ..
......#[.# . .
..######.## .


You could see Natasha and a bat.

Vanquished Creatures
  5 dart slugs (D:1)
  A giant cockroach (D:1)
  3 hobgoblins
  5 kobolds
  A quokka (D:2)
  A ball python (D:2)
  4 bats (D:1)
  3 giant newts
  2 goblins (D:1)
  4 rats (D:1)
29 creatures vanquished.

Notes
Turn   | Place    | Note
--------------------------------------------------------------
     0 | Abyss:1  | Gargoyl the Demonspawn Abyssal Knight began the quest for the Orb.
     0 | Abyss:1  | Reached XP level 1. HP: 18/18 MP: 2/2
    67 | Abyss:1  | Noticed a wight
    73 | Abyss:2  | Found a corrupted altar of Lugonu.
    78 | Abyss:2  | Noticed a large abomination
    98 | D:1      | Escaped the Abyss
   507 | D:2      | Gained mutation: Your flesh is cold resistant. [demonic ancestry]
   507 | D:2      | Reached XP level 2. HP: 24/24 MP: 3/3
   519 | D:2      | Reached * piety under Lugonu
   698 | D:1      | Reached skill level 1 in Dodging
  1447 | D:1      | Reached XP level 3. HP: 25/30 MP: 4/4
  1663 | D:2      | Found an opulent altar of Gozag.
  1907 | D:2      | Noticed Ijyb
  1938 | D:3      | Noticed Natasha
  1953 | D:3      | HP: 1/30 [bat (1)]
  1956 | D:3      | Succumbed to Ijyb's poison

Skill      XL: |  1  2 |
---------------+-------+-----
Dodging        | 1 |  1.3
Armour         | 2 |  2.0
Fighting       | |  3.9
Axes           | |  1.8
Stealth        | |  0.2
Invocations    | |  2.5

Action                   || total
-------------------------++-------
Melee: Hand axe          ||    79
Invok: Depart the Abyss  ||     1
  Use: Scroll            ||     3
       Potion            ||     2
 Stab: Sleeping          ||     1
  Eat: Chunk             ||     3
Armor: Leather armour    ||    37
Dodge: Dodged            ||    63
Block: Buckler           ||    15
